 Dungeon Crawl Stone Soup version 0.29-a0-184-g2ef5e920f0 (webtiles) character file.

Game seed: 362550596878774958

57 Bosse the Conjurer (level 3, -8/24 HPs)
             Began as a Demonspawn Conjurer on Feb 21, 2022.
             Mangled by a gnoll (9 damage)
             ... on level 2 of the Dungeon.
             The game lasted 00:05:17 (1604 turns).

Bosse the Conjurer (Demonspawn Conjurer)            Turns: 1604, Time: 00:05:18

Health: -8/24      AC:  5    Str:  7    XL:     3   Next: 73%
Magic:  1/6        EV: 12    Int: 21    God:
Gold:   26         SH:  0    Dex: 11    Spells: 3/6 levels left

rFire   + . .      SeeInvis .   (no weapon)
rCold   + . .      Faith    .   (no shield)
rNeg    . . .      Spirit   .   k - +2 robe {rC+ rF+}
rPois   .          Reflect  .   (helmet restricted)
rElec   .          Harm     .   e - +0 cloak
rCorr   .          Rampage  .   (no gloves)
Will    .....                   (no boots)
Stlth   ++........              (no amulet)
HPRegen 0.08/turn               (no ring)
MPRegen 0.10/turn               (no ring)

@: no status effects
A: horns 1, weakness stinger 1
a: no special abilities


You were on level 2 of the Dungeon.
You visited 1 branch of the dungeon, and saw 2 of its levels.

You collected 26 gold pieces.

Inventory:

Armour
 a - a +0 robe
 e - a +0 cloak (worn)
 k - a +2 robe of resistance (worn)
Scrolls
 b - a scroll of brand weapon {unknown}
 c - a scroll of magic mapping {unknown}
 d - a scroll of silence {unknown}
 f - 2 scrolls of identify {unknown}
 i - 2 scrolls of immolation {unknown}
 j - a scroll of torment {unknown}
 l - a scroll of enchant weapon {unknown}
Potions
 g - a potion of degeneration {unknown}
 h - 2 potions of lignification {unknown}
 m - 2 potions of haste {unknown}


   Skills:
 + Level 2.1 Dodging
 + Level 2.0 Stealth
 + Level 0.1 Unarmed Combat
 + Level 2.2 Spellcasting
 + Level 5.0 Conjurations


You had 3 spell levels left.
You knew the following spells:

 Your Spells              Type           Power      Damage    Failure   Level
a - Magic Dart            Conj           92%        1d7       1%          1
b - Searing Ray           Conj           46%        2d6       2%          2

Your spell library contained the following spells:

 Spells                   Type           Power      Damage    Failure   Level
 Dazzling Flash           Conj/Hex       24%        N/A       16%         3
 Fulminant Prism          Conj/Hex       6%         3d7       45%         4
 Iskenderun's Mystic Bla  Conj/Tloc      12%        2d5       45%         4
 Animate Dead             Necr           1%         N/A       82%         4
 Borgnjor's Vile Clutch   Necr/Erth      1%         N/A       99%         5
 Death Channel            Necr           1%         N/A       100%        6


Dungeon Overview and Level Annotations

Branches:
Dungeon (2/15)

Altars:


Innate Abilities, Weirdness & Mutations

You have a pair of small horns on your head.
You have a small tail.


Message History

Your Stealth skill increases to level 2!
The searing ray hits the gnoll.
The gnoll is moderately wounded.
The searing ray hits the gnoll.
The gnoll is moderately wounded.
The searing ray hits the gnoll!
The gnoll is heavily wounded.
The searing ray hits the gnoll.
The gnoll is severely wounded.
The searing ray hits the gnoll!
You kill the gnoll!
The searing ray hits the gnoll shaman.
The gnoll shaman is lightly wounded.
You finish channelling your searing ray.
The gnoll closely misses you.
The gnoll shaman calls upon its god to heal the gnoll.
The gnoll is healed somewhat.
Your Conjurations skill increases to level 5!
You hit the gnoll.
The gnoll is severely wounded.
The gnoll hits you with a +2 flail of holy wrath.
You convulse.
The gnoll shaman calls upon its god to speed up the gnoll.
The gnoll seems to speed up.
You hit the gnoll but do no damage.
The gnoll is severely wounded.
The gnoll hits you with a +2 flail of holy wrath!
You convulse!
* * * LOW HITPOINT WARNING * * *
You are too injured to fight recklessly!
You are too injured to fight recklessly!
You hit the gnoll but do no damage.
The gnoll is severely wounded.
The gnoll closely misses you.
You closely miss the gnoll.
You headbutt the gnoll, but do no damage.
Your tail-slap misses the gnoll.
The gnoll is severely wounded.
The gnoll hits you with a +2 flail of holy wrath!
You die...

..#.#
#†#.#
###.#.# #
#...<.#
#.##.#.###
#......#
##
####.###
#...###.#
#..ggg@.#
#...#####
##


You could see a gnoll shaman and 2 gnolls.

Vanquished Creatures
  2 gnolls (D:2)
  An adder (D:2)
  A ball python (D:1)
  4 bats (D:1)
  2 endoplasms (D:1)
  A giant cockroach (D:1)
  2 goblins (D:1)
  5 hobgoblins (D:1)
  3 quokkas (D:1)
  2 frilled lizards (D:1)
  2 kobolds (D:1)
  3 rats (D:1)
28 creatures vanquished.

Notes
Turn   | Place    | Note
-------+----------+-------------------------------------------
     0 | D:1      | Bosse the Demonspawn Conjurer began the quest for the Orb.
     0 | D:1      | Reached XP level 1. HP: 13/13 MP: 3/3
   346 | D:1      | Discovered your monstrous ancestry.
   346 | D:1      | Gained mutation: You have a pair of small horns on your
                  | head. [demonic ancestry]
   346 | D:1      | Reached XP level 2. HP: 19/19 MP: 3/5
   774 | D:1      | Learned a level 2 spell: Searing Ray
  1206 | D:1      | Gained mutation: You have a small tail. [demonic ancestry]
  1206 | D:1      | Reached XP level 3. HP: 24/24 MP: 1/6
  1601 | D:2      | Reached skill level 5 in Conjurations
  1602 | D:2      | HP: 1/24 [gnoll (10)]
  1604 | D:2      | Mangled by a gnoll

Illustrated notes

Levels and vault maps discovered:
D:1:      lightli_arrival_flooded_house, layout_loops_corners, minmay_surrounded
D:2:      cheibrodos_greedy_goblins, layout_loops_cross, grunt_ministairs_2

Skill      XL: |  1  2  3 |
---------------+----------+-----
Dodging        | 2 |  2.1
Stealth        | 2 |  2.0
Conjurations   | 5 |  5.0
Unarmed Combat | |  0.1
Spellcasting   | |  2.2

Action                   || total
-------------------------++-------
Melee: Unarmed           ||    26
       Headbutt          ||     2
 Cast: Magic Dart        ||    30
       Searing Ray       ||     8
Armor: Robe              ||    12
Dodge: Dodged            ||    16

Table legend: (Time is in decaauts)
 A = Elapsed time spent in this place.
 B = Non-inter-level travel time spent in this place.
 C = Inter-level travel time spent in this place.
 D = Time resting spent in this place.
 E = Time spent auto-exploring this place.
 F = Levels seen in this place.
 G = Mean time per level.
                   A        B        C        D        E       F      G
               +--------+--------+--------+--------+--------+-----+--------+
         Total |   1603 |   1522 |     81 |      0 |   1337 |   2 |  801.5 |
       Dungeon |   1603 |   1522 |     81 |      0 |   1337 |   2 |  801.5 |
               +--------+--------+--------+--------+--------+-----+--------+

Top non-repeatable levels by time:
     D:1: 1557 daAuts
     D:2: 46 daAuts
